[Event "Early-Titled-Tuesday-Blitz-December-26-2023"]
[Site "Chess.com"]
[Date "2023.12.26"]
[Round "9"]
[White "Ajedrez_con_German"]
[Black "Aygehovit1992"]
[Result "0-1"]
[WhiteElo "2593"]
[BlackElo "2746"]
[TimeControl "180+1"]
[EndTime "9:42:34 PST"]
[Termination "Aygehovit1992 won by resignation"]

1. Nf3 Nf6 2. g3 g6 3. b3 Bg7 4. Bb2 d6 5. d4 b5 6. Bg2 Bb7 7. O-O O-O 8. e3 Nbd7 9. Nbd2 c5 10. c4 bxc4 11. Nxc4 a5 12. dxc5 Nxc5 13. Nd4 Bxg2 14. Kxg2 Qd7 15. a4 Qb7+ 16. Qf3 Qxf3+ 17. Kxf3 Rfb8 18.
Ra3 Nfe4 19. Rc1 d5 20. Nc6 dxc4 21. Bxg7 Kxg7 22. Nxb8 Rxb8 23. bxc4 Rb2 0-1

[Event "Early-Titled-Tuesday-Blitz-December-26-2023"]
[Site "Chess.com"]
[Date "2023.12.26"]
[Round "9"]
[White "PabloZarnicki"]
[Black "Eternauta2400"]
[Result "0-1"]
[WhiteElo "2648"]
[BlackElo "2814"]
[TimeControl "180+1"]
[EndTime "9:42:46 PST"]
[Termination "Eternauta2400 won by resignation"]

1. e4 c6 2. d4 d5 3. Nc3 dxe4 4. Nxe4 Nf6 5. Nxf6+ exf6 6. Bc4 Bd6 7. Qe2+ Be7 8. Nf3 O-O 9. O-O Bd6 10. c3 Re8 11.
Be3 Nd7 12. Rfe1 Nf8 13. h3 Be6 14. Nd2 Qd7 15. Bb3 Ng6 16. Rad1 Bxh3 17. gxh3 Qxh3 18. Qf3 Qh2+ 19. Kf1 Nh4 20. Qg4 f5 21. Qh5 g6 22.
Bxf7+ Kxf7 23. Qxh7+ Kf6 24. Ke2 Rxe3+ 25. Kxe3 Ng2+ 26.
Kd3 Nxe1+ 27. Rxe1 Qxh7 0-1

[Event "Early-Titled-Tuesday-Blitz-December-26-2023"]
[Site "Chess.com"]
[Date "2023.12.26"]
[Round "9"]
[White "Journey_to_GrandMaster_YT"]
[Black "UK_23"]
[Result "0-1"]
[WhiteElo "2516"]
[BlackElo "2355"]
[TimeControl "180+1"]
[EndTime "9:42:59 PST"]
[Termination "UK_23 won on time"]

1. d4 d5 2. Nf3 e6 3. c4 Nf6 4. Nc3 Be7 5. Bg5 O-O 6. e3 b6 7.
cxd5 Nxd5 8. Bxe7 Qxe7 9. Nxd5 exd5 10. Rc1 c5 11. dxc5 Be6 12. c6 Rc8 13. Nd4 a6 14.
Be2 Ra7 15. O-O Rac7 16. Qb3 b5 17. a4 bxa4 18. Qxa4 Qd6 0-1

[Event "Early-Titled-Tuesday-Blitz-December-26-2023"]
[Site "Chess.com"]
[Date "2023.12.26"]
[Round "9"]
[White "Agibileg"]
[Black "Cheer_Down"]
[Result "1-0"]
[WhiteElo "2688"]
[BlackElo "2492"]
[TimeControl "180+1"]
[EndTime "9:43:11 PST"]
[Termination "Agibileg won by resignation"]

1. d4 d5 2. c4 e6 3. Nc3 Nf6 4. cxd5 exd5 5. Bg5 Be7 6. e3 c6 7. Bd3 Nbd7 8. Nge2 h6 9. Bf4 Nh5 10. Be5 Nxe5 11.
dxe5 g6 12. Qc2 Ng7 13. O-O-O Be6 14. Kb1 Qa5 15. Nd4 O-O-O 16. Nb3 Qc7 17. f4 Kb8 18. Na4 b6 19. Nd4 c5 20. Nxe6 Nxe6 21. Be2 d4 22. Bf3 dxe3 23. Qe4 Rxd1+ 24. Rxd1 Kc8 25. Qa8+ Qb8 26. Nxb6+ axb6 27. Qa6+ Kc7 28. Qa4 Nd4 29. Rxd4 cxd4 30. Qc6+ Kd8 31. Bg4 Qc7 32. Qa8+ 1-0

[Event "Early-Titled-Tuesday-Blitz-December-26-2023"]
[Site "Chess.com"]
[Date "2023.12.26"]
[Round "9"]
[White "CSB7"]
[Black "whitemirrorninja"]
[Result "1-0"]
[WhiteElo "2679"]
[BlackElo "2540"]
[TimeControl "180+1"]
[EndTime "9:43:17 PST"]
[Termination "CSB7 won by checkmate"]

1. e4 e5 2. Nf3 Nf6 3. d4 Nxe4 4.
Bd3 d5 5. Nxe5 Nd7 6. Nc3 Nxc3 7. bxc3 Nxe5 8. dxe5 Bc5 9. O-O c6 10. Rb1 Qh4 11.
Qe1 O-O 12. Be3 Qe7 13. Kh1 b5 14. f4 Re8 15. Bxc5 Qxc5 16. Qh4 h6 17. Rf3 Kf8 18.
Rg3 Qxc3 19. Rxg7 Kxg7 20. Qf6+ Kf8 21. Qxh6+ Ke7 22. Qd6# 1-0

[Event "Early-Titled-Tuesday-Blitz-December-26-2023"]
[Site "Chess.com"]
[Date "2023.12.26"]
[Round "9"]
[White "AGW2016"]
[Black "PavelChernomordik"]
[Result "1-0"]
[WhiteElo "2562"]
[BlackElo "2421"]
[TimeControl "180+1"]
[EndTime "9:43:18 PST"]
[Termination "AGW2016 won by resignation"]

1. d4 g6 2. c4 Bg7 3. e4 Nc6 4. Nf3 d6 5. Nc3 Bg4 6. d5 Nd4 7. Be2 Nxe2 8. Qxe2 Nf6 9. h3 Bd7 10. O-O e5 11. Be3 O-O 12. c5 a6 13. Nd2 Nh5 14.
Nc4 Bb5 15. cxd6 cxd6 16. Nxb5 axb5 17. Nb6 Nf4 18. Qxb5 Rb8 19. Kh2 f5 20. Qd7 Qg5 21. g3 fxe4 22. gxf4 exf4 23. Rg1 Qe5 24. Bd2 Qd4 25.
Bc3 Rf7 26. Bxd4 Rxd7 27. Nxd7 Bxd4 28. Nxb8 Bxf2 29. Rgf1 Bg3+ 30. Kg2 Kf7 31. Nd7 g5 32. Rae1 Bxe1 33. Rxe1 e3 34. Kf3 1-0

[Event "Early-Titled-Tuesday-Blitz-December-26-2023"]
[Site "Chess.com"]
[Date "2023.12.26"]
[Round "9"]
[White "Yushko_Olga"]
[Black "AndresDelgado77"]
[Result "1-0"]
[WhiteElo "2186"]
[BlackElo "2300"]
[TimeControl "180+1"]
[EndTime "9:43:20 PST"]
[Termination "Yushko_Olga won on time"]

1. d4 Nf6 2. c4 d6 3. Nf3 Bf5 4. Nc3 h6 5. Bf4 Nc6 6. e3 g5 7.
Bg3 Bg7 8. Bd3 Bxd3 9. Qxd3 Nh5 10.
a3 a5 11. O-O O-O 12. Rab1 Nxg3 13. hxg3 f5 14. b4 a4 15. b5 Nb8 16. Qc2 Nd7 17.
Nxa4 e6 18. Qb3 Kh7 19. c5 d5 20. c6 bxc6 21. bxc6 Nf6 22. Nc5 Qd6 23. Ne5 Rfb8 24.
Nb7 Qxa3 25. Qxa3 Rxa3 26. Nd7 Nxd7 27. cxd7 Bf6 28. Nc5 1-0

[Event "Early-Titled-Tuesday-Blitz-December-26-2023"]
[Site "Chess.com"]
[Date "2023.12.26"]
[Round "9"]
[White "LileKoridze"]
[Black "ural58"]
[Result "0-1"]
[WhiteElo "2381"]
[BlackElo "2494"]
[TimeControl "180+1"]
[EndTime "9:43:25 PST"]
[Termination "ural58 won by resignation"]

1. d4 d5 2. c4 e5 3. dxe5 d4 4. Nf3 Nc6 5. g3 Nge7 6. Bg2 Ng6 7. O-O Ngxe5 8. Nxe5 Nxe5 9. b3 Bc5 10. Bb2 O-O 11. Nd2 a5 12. Ne4 Ba7 13. c5 Nc6 14.
Rc1 Re8 15. Qc2 Bf5 16. Rfd1 Qe7 17. f3 Bxe4 18. fxe4 Rad8 19. Qc4 Qg5 20. Qb5 Rb8 21. Kh1 h5 22. Rf1 h4 23. Qd3 hxg3 24. hxg3 Bxc5 25. Qc4 Qh5+ 26. Kg1 Bb6 27. Rf5 d3+ 28. Kf1 dxe2+ 29. Ke1 Qg6 30. Kxe2 Qxf5 31. Rf1 Qg4+ 32. Kd2 Rbd8+ 33.
Kc1 Qe6 0-1

[Event "Early-Titled-Tuesday-Blitz-December-26-2023"]
[Site "Chess.com"]
[Date "2023.12.26"]
[Round "9"]
[White "ChessBliss09"]
[Black "maurovargas01"]
[Result "1-0"]
[WhiteElo "2089"]
[BlackElo "1858"]
[TimeControl "180+1"]
[EndTime "9:43:25 PST"]
[Termination "ChessBliss09 won on time"]

1. e4 c6 2. d4 d5 3. exd5 cxd5 4. c4 Nf6 5. Nc3 Bf5 6. Nf3 e6 7. a3 a6 8. c5 Be7 9. h3 O-O 10. Bf4 Nbd7 11. Bd3 Bg6 12. O-O Re8 13. b4 Rc8 14. Rc1 Bf8 15. Re1 Nb6 16. cxb6 Qxb6 17. Na4 Qd8 18.
Qd2 Qd7 19. Nb6 Rxc1 20. Nxd7 Rxe1+ 21. Qxe1 1-0

[Event "Early-Titled-Tuesday-Blitz-December-26-2023"]
[Site "Chess.com"]
[Date "2023.12.26"]
[Round "9"]
[White "AsaHoffmann"]
[Black "prime-morty"]
[Result "0-1"]
[WhiteElo "2344"]
[BlackElo "2533"]
[TimeControl "180+1"]
[EndTime "9:43:27 PST"]
[Termination "prime-morty won by resignation"]

1. d4 d5 2. Bg5 h6 3. Bh4 c5 4. e3 Qb6 5. b3 cxd4 6. exd4 Nc6 7.
c3 Bf5 8. Bd3 Bxd3 9. Qxd3 e6 10. Nf3 Be7 11. Bg3 Nf6 12. Nbd2 O-O 13. O-O Rac8 14.
h3 Nd7 15. a3 Qa6 16. Qxa6 bxa6 17. b4 Nd8 18. Rac1 Nb6 19. Ne5 Bg5 20. f4 Bf6 21. Ng4 Nc4 22. Nxf6+ gxf6 23. Nxc4 Rxc4 24. Bh4 Kg7 25.
Rf3 f5 26. Rg3+ Kh7 27. Bxd8 Rxd8 28. Kf2 Rdc8 29. Rd3 a5 30. bxa5 Ra4 31. Rb1 Rxa5 32. Rb7 Kg6 33. Ke2 Rxa3 34. Kd2 Ra2+ 35. Ke3 Rxg2 36. Rxa7 Rb8 37. Rd2 Rg3+ 38. Kf2 Rxc3 39. Ra1 Rbb3 40. Rg1+ Kf6 0-1

[Event "Early-Titled-Tuesday-Blitz-December-26-2023"]
[Site "Chess.com"]
[Date "2023.12.26"]
[Round "9"]
[White "matagordo"]
[Black "noblerone"]
[Result "1-0"]
[WhiteElo "2277"]
[BlackElo "2511"]
[TimeControl "180+1"]
[EndTime "9:43:29 PST"]
[Termination "matagordo won by resignation"]

1. d4 d5 2. Bf4 Nf6 3. e3 e6 4. Nf3 c5 5. Nbd2 Bd6 6. Ne5 Nc6 7. c3 cxd4 8. exd4 O-O 9. Bd3 Ne7 10. O-O Bd7 11. Nxf7 Rxf7 12. Bxd6 Ng6 13. Bxg6 hxg6 14. Re1 Qb6 15. Ba3 Re8 16. Nf3 Ne4 17. Ne5 Nxf2 18. Nxd7 Qc7 19. Qa4 Ng4 20. Ne5 Nxe5 21. Rxe5 a6 22.
Qb4 Ref8 23. Qd6 Qc4 24. Qxe6 Kh7 25. Bxf8 Rxf8 26. Qh3+ Kg8 27. Rae1 Qa4 28. Qe6+ Kh7 29. R5e3 1-0

[Event "Early-Titled-Tuesday-Blitz-December-26-2023"]
[Site "Chess.com"]
[Date "2023.12.26"]
[Round "9"]
[White "ljuks68"]
[Black "severomorskij"]
[Result "0-1"]
[WhiteElo "2518"]
[BlackElo "2873"]
[TimeControl "180+1"]
[EndTime "9:43:45 PST"]
[Termination "severomorskij won on time"]

1. e4 c5 2. Nf3 Nc6 3. d4 cxd4 4. Nxd4 e5 5. Nb5 d6 6. c4 Be7 7. N1c3 a6 8. Na3 Be6 9. Bd3 Bg5 10. O-O h6 11. Nd5 Nge7 12. Nc2 O-O 13. Nce3 Nd4 14. b3 Nxd5 15. cxd5 Bd7 16. Bb2 b5 17. Bxd4 exd4 18. Nc2 Qb6 19. Qe2 Rac8 20. f4 Bf6 21. e5 Rfe8 22.
Qe4 g6 23. Kh1 dxe5 24. f5 g5 0-1

[Event "Early-Titled-Tuesday-Blitz-December-26-2023"]
[Site "Chess.com"]
[Date "2023.12.26"]
[Round "9"]
[White "adapodadei"]
[Black "JafarTheParrot"]
[Result "1-0"]
[WhiteElo "2735"]
[BlackElo "2514"]
[TimeControl "180+1"]
[EndTime "9:44:01 PST"]
[Termination "adapodadei won by resignation"]

1. g3 h5 2. Nf3 b5 3. a4 b4 4. d3 Bb7 5. e4 e6 6. a5 d5 7.
e5 c5 8. Bg2 a6 9. h4 Nc6 10. c4 dxc4 11. dxc4 Qxd1+ 12. Kxd1 Nxe5 13. Nxe5 Bxg2 14. Re1 Bd6 15. Nd2 Ne7 16. Nb3 Rc8 17. Nd3 Nf5 18. Kc2 Ke7 19. Bf4 Bxf4 20. Nxf4 Nd6 21. Nxg2 Nxc4 22. Nf4 Kf6 23. Rad1 Ne5 24. Nd2 g6 25. Ne4+ Ke7 26. Ng5 Nc4 27. Nfxe6 Nxa5 28. Nf4+ Kf6 29. Rd6+ Kg7 30. Re7 1-0

[Event "Early-Titled-Tuesday-Blitz-December-26-2023"]
[Site "Chess.com"]
[Date "2023.12.26"]
[Round "9"]
[White "GM-2023"]
[Black "JohnWhite1952"]
[Result "0-1"]
[WhiteElo "1846"]
[BlackElo "2000"]
[TimeControl "180+1"]
[EndTime "9:44:05 PST"]
[Termination "JohnWhite1952 won by checkmate"]

1. e4 c5 2. Nf3 e6 3. d4 cxd4 4. Nxd4 Nc6 5. Nxc6 bxc6 6. Nc3 d5 7. exd5 cxd5 8. Bb5+ Bd7 9. Bxd7+ Qxd7 10. Qe2 Nf6 11. Qb5 Be7 12. Qxd7+ Nxd7 13. Nb5 O-O 14. O-O Rfc8 15.
Be3 a6 16. Na7 Rc7 17. Rfd1 Bc5 18. Bxc5 Nxc5 19. b4 Ne4 20. f3 Nc3 21. Rd3 Raxa7 22.
Rc1 Nb5 23. c4 Nd6 24. c5 Nf5 25. c6 h6 26. g4 Ne7 27. Rdc3 Ra8 28. a4 Rb8 29. b5 axb5 30. axb5 Rxb5 31. Kf2 Rb6 32. Ra3 Rbxc6 33. Rxc6 Rxc6 34. Ra8+ Kh7 35. Ra7 Ng6 36. Rxf7 Rc2+ 37. Ke3 e5 38. Kd3 Rxh2 39. Kc3 Rh3 40. Kd3 Nf4+ 41. Ke3 Ng6 42. Re7 d4+ 43. Ke4 Nxe7 44.
f4 exf4 45. Kxf4 d3 46. Ke4 d2 47. Kf4 d1=Q 48. g5 Qd4# 0-1

[Event "Early-Titled-Tuesday-Blitz-December-26-2023"]
[Site "Chess.com"]
[Date "2023.12.26"]
[Round "9"]
[White "suyu28"]
[Black "ftorodent"]
[Result "1/2-1/2"]
[WhiteElo "2785"]
[BlackElo "2647"]
[TimeControl "180+1"]
[EndTime "9:44:09 PST"]
[Termination "Game drawn by repetition"]

1. e4 e6 2. d4 d5 3. Nd2 Nf6 4. e5 Ne4 5. Bd3 f5 6. exf6 Nxf6 7. Ngf3 c5 8. c3 Nc6 9. O-O Bd6 10. Re1 O-O 11.
Nf1 Bd7 12. Bg5 Qc7 13. Bh4 Rae8 14. Bg3 e5 15. dxe5 Nxe5 16. Nxe5 Bxe5 17. Qd2 Bxg3 18.
Nxg3 Bc6 19. Bf5 Ne4 20. Bxe4 dxe4 21. Rad1 Qf7 22. Qe3 Qxa2 23. Qxc5 Qxb2 24. Rb1 Qd2 25. Rbd1 Qc2 26. Rc1 Qd2 27. Rcd1 Qa2 28. Ra1 Qb2 29. Rab1 Qd2 30. Rbd1 1/2-1/2

[Event "Early-Titled-Tuesday-Blitz-December-26-2023"]
[Site "Chess.com"]
[Date "2023.12.26"]
[Round "9"]
[White "LeoWin2012"]
[Black "Schachmalanders"]
[Result "0-1"]
[WhiteElo "2222"]
[BlackElo "2368"]
[TimeControl "180+1"]
[EndTime "9:44:11 PST"]
[Termination "Schachmalanders won by resignation"]

1. e4 c5 2. Nf3 e6 3. c4 Nc6 4. d4 cxd4 5. Nxd4 Nf6 6. Nc3 Bc5 7. Nb3 Bb4 8. Bd3 O-O 9. O-O a5 10. Bg5 a4 11. Nd2 a3 12. Rb1 axb2 13. Ne2 Rxa2 14. Nf3 d6 15. Qb3 Ra3 16. Qc2 Ne5 17. Nxe5 dxe5 18.
Rfd1 h6 19. Bh4 Bc5 20. Rxb2 b6 21. Ng3 g5 22. Be2 Qe7 23. Bxg5 hxg5 24. Rb3 Rxb3 25. Qxb3 Bb7 26. Qf3 g4 27. Qd3 Bd4 28. Nf1 Bxe4 29. Qg3 Qc5 30. h4 Kg7 31. Bxg4 Bxf2+ 32. Qxf2 Qxf2+ 33. Kxf2 Nxg4+ 34. Kg3 f5 35. Rd8 Rxd8 0-1

[Event "Early-Titled-Tuesday-Blitz-December-26-2023"]
[Site "Chess.com"]
[Date "2023.12.26"]
[Round "9"]
[White "Ali_rastbod"]
[Black "JimDiGrease"]
[Result "0-1"]
[WhiteElo "2723"]
[BlackElo "2961"]
[TimeControl "180+1"]
[EndTime "9:44:16 PST"]
[Termination "JimDiGrease won by resignation"]

1. e4 c5 2. Nf3 e6 3. g3 Nc6 4. Bg2 Nf6 5. Qe2 d5 6. exd5 Nxd5 7. O-O Be7 8. Rd1 Qb6 9. Na3 O-O 10. Nc4 Qa6 11.
d3 b6 12. c3 Bb7 13. h4 h6 14. a4 Rad8 15. Bd2 Ba8 16. g4 Qc8 17. g5 hxg5 18. hxg5 g6 19. Nce5 Nxe5 20. Nxe5 Qc7 21. Re1 Bd6 22.
Ng4 Nf4 23. Bxf4 Bxf4 24. Bxa8 Rxa8 25. Qf3 Bxg5 26. Kg2 Kg7 27. Re5 f5 28. Rxe6 fxg4 29. Qe4 Qf7 30. f4 gxf3+ 31. Kf2 Rae8 0-1

[Event "Early-Titled-Tuesday-Blitz-December-26-2023"]
[Site "Chess.com"]
[Date "2023.12.26"]
[Round "9"]
[White "Aslanov_Umid"]
[Black "IAgrest"]
[Result "1-0"]
[WhiteElo "2548"]
[BlackElo "2400"]
[TimeControl "180+1"]
[EndTime "9:44:18 PST"]
[Termination "Aslanov_Umid won on time"]

1. e4 e5 2. Nf3 Nc6 3. Bc4 Nf6 4. d3 h6 5. c3 d6 6. Nbd2 g5 7. Bb3 Bg7 8. Nc4 O-O 9. Ne3 Ne7 10. h4 g4 11. Nh2 h5 12. Nhf1 c6 13. Ng3 d5 14.
exd5 cxd5 15. Bd2 Re8 16. Qc2 a5 17. a4 Be6 18. O-O-O Qd7 19. Kb1 b5 20. axb5 Qxb5 21. Ba4 Qb7 22. Bxe8 Rxe8 23. d4 e4 24. f3 a4 25.
fxg4 hxg4 26. h5 a3 27. b4 Ra8 28. h6 Bh8 29. Nh5 Nh7 30. Nf4 Bd7 31. Rh5 f5 32. Rf1 Nf6 33. h7+ Kf7 34. Qa2 Bb5 35. Rf2 Nxh5 36. Nxh5 Kg6 37. Nf4+ Kxh7 38. Nfxd5 Nxd5 39. Qxd5 Bd3+ 40. Ka1 Qxd5 41. Nxd5 a2 42. Rxf5 e3 43. Rh5+ Kg6 44. Nf4+ Kf7 45. Bxe3 Bb1 46. b5 Rc8 47. Bd2 Bf6 48. Rf5 1-0

[Event "Early-Titled-Tuesday-Blitz-December-26-2023"]
[Site "Chess.com"]
[Date "2023.12.26"]
[Round "9"]
[White "alvarorodriguezavila"]
[Black "aksuliini1"]
[Result "0-1"]
[WhiteElo "2295"]
[BlackElo "2467"]
[TimeControl "180+1"]
[EndTime "9:44:18 PST"]
[Termination "aksuliini1 won by resignation"]

1. b3 e5 2. Bb2 Nc6 3. e3 a6 4.
d4 exd4 5. exd4 d5 6. Nf3 Nf6 7. a3 Bd6 8. Bd3 O-O 9. O-O Bg4 10. Nbd2 Re8 11. Re1 Bf4 12. Bc3 Qd6 13. Nf1 Ne4 14.
Bb2 Ng5 15. Be2 Bxf3 16. Bxf3 Rxe1 17. Qxe1 Nxf3+ 18. gxf3 Qg6+ 19. Ng3 h5 20. Kh1 h4 21. Ne2 Re8 22. Qf1 Bd6 23. Ng1 Qxc2 24. Bc1 Nxd4 25. Be3 Nf5 26. Re1 Qxb3 27. Qh3 g6 28. Rd1 Qxd1 0-1

[Event "Early-Titled-Tuesday-Blitz-December-26-2023"]
[Site "Chess.com"]
[Date "2023.12.26"]
[Round "9"]
[White "DTChess"]
[Black "viviania"]
[Result "0-1"]
[WhiteElo "2668"]
[BlackElo "2874"]
[TimeControl "180+1"]
[EndTime "9:44:21 PST"]
[Termination "viviania won by resignation"]

1. e4 Nf6 2. e5 Nd5 3. Nc3 Nxc3 4.
dxc3 d6 5. exd6 Qxd6 6. Bd3 Nd7 7. Ne2 Nc5 8. Bb5+ c6 9. Qxd6 exd6 10. Bd3 Nxd3+ 11. cxd3 Bf5 12. Kd2 h5 13. Ng3 Bg6 14. Re1+ Kd7 15. h3 d5 16. b4 a5 17. a3 axb4 18.
Kc2 bxc3 19. Kxc3 Bc5 20. Be3 Bxa3 21. Reb1 b5 22. Ne2 c5 23. Rxb5 d4+ 24. Nxd4 cxd4+ 25. Bxd4 Rhc8+ 26. Kb3 Bf8 27. Rxa8 Rxa8 28. Bb2 f6 29. g4 Kc6 30. Rxh5 Bxh5 31. gxh5 Ra5 0-1

[Event "Early-Titled-Tuesday-Blitz-December-26-2023"]
[Site "Chess.com"]
[Date "2023.12.26"]
[Round "9"]
[White "Korchmar_Vasiliy"]
[Black "ilushka"]
[Result "1-0"]
[WhiteElo "2779"]
[BlackElo "2487"]
[TimeControl "180+1"]
[EndTime "9:44:22 PST"]
[Termination "Korchmar_Vasiliy won by resignation"]

1. e4 e6 2. d4 d5 3. e5 c5 4. c3 Nc6 5. Nf3 Nh6 6. Bxh6 gxh6 7.
Be2 Qb6 8. Qd2 Bg7 9. Na3 cxd4 10. cxd4 f6 11. exf6 Bxf6 12. Qxh6 Qxb2 13. O-O Nxd4 14.
Nxd4 Qxd4 15. Nb5 Qe5 16. Rfe1 Ke7 17. Rac1 Bd7 18. Nc7 Bg5 19. Qh5 Rac8 20. Bg4 Rxc7 21. Rxe5 Rxc1+ 22. Bd1 Bf6 23. Re1 Ba4 24. Qxd5 Rd8 25.
Qxe6+ Kf8 26. Qxf6+ Kg8 27. Qxd8+ 1-0

[Event "Early-Titled-Tuesday-Blitz-December-26-2023"]
[Site "Chess.com"]
[Date "2023.12.26"]
[Round "9"]
[White "WeAintSurePal"]
[Black "Pumpkin_in_moonlight"]
[Result "1-0"]
[WhiteElo "2513"]
[BlackElo "2319"]
[TimeControl "180+1"]
[EndTime "9:44:22 PST"]
[Termination "WeAintSurePal won on time"]

1. d4 Nf6 2. Nf3 d5 3. Bg5 h6 4. Bf4 Bf5 5. e3 e6 6. Bd3 Bxd3 7. Qxd3 Nbd7 8. Nbd2 Nh5 9. O-O Nxf4 10. exf4 Bd6 11. Ne5 O-O 12. Ndf3 c5 13. c3 Rc8 14. Qb5 Nb6 15.
Rfe1 c4 16. Re3 Re8 17. b3 f6 18. Ng6 a6 19. Qa5 Bc7 20. Qa3 Bd6 21. Qb2 Qd7 22. Rae1 Qf7 23. Qb1 Nd7 24. b4 b5 25.
h4 Nf8 26. Nxf8 Bxf8 27. g3 Bd6 28. Qd1 h5 29. Qe2 a5 30. a3 axb4 31. axb4 Bf8 32. f5 exf5 33. Rxe8 Rxe8 34. Qxe8 Qxe8 35. Rxe8 1-0

[Event "Early-Titled-Tuesday-Blitz-December-26-2023"]
[Site "Chess.com"]
[Date "2023.12.26"]
[Round "9"]
[White "DrCeltic"]
[Black "Sofia_Blokhin"]
[Result "1-0"]
[WhiteElo "2506"]
[BlackElo "2317"]
[TimeControl "180+1"]
[EndTime "9:44:23 PST"]
[Termination "DrCeltic won by resignation"]

1. e4 c5 2. Nf3 d6 3. d4 cxd4 4. Nxd4 a6 5. Nc3 Nf6 6. Be3 e5 7.
Nf3 Nc6 8. Bc4 Be7 9. O-O O-O 10.
Bg5 b5 11. Bxf6 Bxf6 12. Bb3 Be6 13. Nd5 Bg4 14. c3 Be7 15. h3 Bh5 16. Qd3 Kh8 17. Rad1 Bg6 18. Rfe1 f5 19. Nxe7 Nxe7 20. Qxd6 Qxd6 21.
Rxd6 fxe4 22. Nxe5 Bf5 23. Nf7+ Kg8 24. Nh6+ Kh8 25.
Nxf5 Nxf5 26. Re6 e3 27. fxe3 Ng3 28. Re5 Rad8 29. Rg5 Ne4 30. Rg4 Nf2 31. Rd4 Rde8 32. Rf1 Rxe3 33. Rd2 Nxh3+ 34. gxh3 Rg3+ 35. Kh2 1-0

[Event "Early-Titled-Tuesday-Blitz-December-26-2023"]
[Site "Chess.com"]
[Date "2023.12.26"]
[Round "9"]
[White "Bala-Afiada"]
[Black "Grammnik"]
[Result "1/2-1/2"]
[WhiteElo "2029"]
[BlackElo "2170"]
[TimeControl "180+1"]
[EndTime "9:44:25 PST"]
[Termination "Game drawn by repetition"]

1. d4 Nf6 2. c4 e6 3. g3 d5 4.
Nf3 Be7 5. Bg2 O-O 6. O-O dxc4 7. Ne5 Nc6 8. Bxc6 bxc6 9. Nxc6 Qe8 10. Nxe7+ Qxe7 11. Qa4 c5 12. Qxc4 cxd4 13. Qxd4 Bb7 14. Bg5 Rfd8 15.
Bxf6 gxf6 16. Qh4 Kh8 17. Nc3 Rd2 18. Ne4 Bxe4 19. Qxe4 Rad8 20. b3 R8d4 21. Qe3 Kg7 22. h4 Qd6 23. h5 h6 24. Rfc1 f5 25. Rc8 Rd1+ 26. Rxd1 Rxd1+ 27. Kg2 Qd5+ 28. f3 Rd2 29. Qc3+ e5 30. Kf2 Rxa2 31. Rc5 Qd4+ 32. Qxd4 exd4 33. Rxf5 d3 34. Re5 Rb2 35. b4 dxe2 36. Rxe2 Rxb4 37. Ra2 Rb7 38. g4 f6 39. Ra6 Kf7 40. Kg3 Ke7 41. Kf4 Kf7 42. Kf5 Rb5+ 43. Kf4 Rb4+ 44. Kf5 Rb5+ 45.
Kf4 Rb7 46. Kf5 Kg7 47. Kf4 Re7 48. Kf5 Re5+ 49. Kf4 Re7 50. Kf5 Rb7 51. Kf4 Kf7 1/2-1/2

[Event "Early-Titled-Tuesday-Blitz-December-26-2023"]
[Site "Chess.com"]
[Date "2023.12.26"]
[Round "9"]
[White "GeorgMeier"]
[Black "Iball95"]
[Result "1-0"]
[WhiteElo "3039"]
[BlackElo "2815"]
[TimeControl "180+1"]
[EndTime "9:44:27 PST"]
[Termination "GeorgMeier won on time"]

1. Nf3 d5 2. g3 Nf6 3. Bg2 e6 4. O-O c5 5. d4 Nc6 6. c4 Be7 7.
cxd5 exd5 8. Nc3 O-O 9. Bg5 c4 10. Ne5 Be6 11. Nxc6 bxc6 12. b3 Qa5 13. Na4 Rac8 14. e3 h6 15. Bxf6 Bxf6 16. Nc5 Bf5 17. Qe1 Qxe1 18. Rfxe1 c3 19. Rac1 c2 20. Bf1 Rfe8 21.
Bd3 Bxd3 22. Nxd3 a5 23. Rxc2 a4 24. b4 a3 25. Rec1 Be7 26. Rxc6 Rb8 27. Rb1 Rb5 28. Ra6 Rc8 29. Rxa3 Rc2 30. Ra7 Bd6 31. a4 Rb8 32. b5 Rd2 33. Rb3 Rc8 34. Rd7 Bb8 35.
a5 g6 36. a6 1-0

[Event "Early-Titled-Tuesday-Blitz-December-26-2023"]
[Site "Chess.com"]
[Date "2023.12.26"]
[Round "9"]
[White "ValentunHulka"]
[Black "stollenmonster"]
[Result "0-1"]
[WhiteElo "2762"]
[BlackElo "2929"]
[TimeControl "180+1"]
[EndTime "9:44:28 PST"]
[Termination "stollenmonster won by resignation"]

1. e4 c5 2. Nf3 Nf6 3. e5 Nd5 4.
Nc3 e6 5. Ne4 Nc6 6. Bb5 f5 7.
Nc3 Nde7 8. O-O Nd4 9. Re1 Ng6 10. Bf1 a6 11. Nxd4 cxd4 12. Ne2 Bc5 13. c3 d3 14. Nd4 Qh4 15. g3 Qd8 16. Nf3 b5 17. Bxd3 Bb7 18.
Bf1 f4 19. d4 Be7 20. Bg2 O-O 21. g4 Bd5 22. h3 Qc8 23. b3 Qxc3 24. Bd2 Qc6 25. Rc1 Qb7 26. Ba5 Rac8 27. Qd3 b4 28. Red1 Be4 29. Qe2 Qd5 30. Bb6 Rc3 31. Rxc3 bxc3 32.
Rc1 Rc8 33. Bc5 Bxc5 34. Rxc3 Bxf3 35. Bxf3 Qxd4 0-1

[Event "Early-Titled-Tuesday-Blitz-December-26-2023"]
[Site "Chess.com"]
[Date "2023.12.26"]
[Round "9"]
[White "Louis64"]
[Black "Gyulamiryan-koryun"]
[Result "1-0"]
[WhiteElo "2282"]
[BlackElo "2018"]
[TimeControl "180+1"]
[EndTime "9:44:28 PST"]
[Termination "Louis64 won by resignation"]

1. e4 e5 2. Nf3 Nc6 3. d4 exd4 4. Nxd4 Bc5 5. Nb3 Bb6 6. Nc3 Nge7 7. Bg5 O-O 8. Qd2 f6 9. Be3 Bxe3 10. Qxe3 d5 11.
O-O-O Be6 12. Bc4 Nb4 13. a3 dxc4 14. Rxd8 Rfxd8 15. Nc5 Nxc2 16. Kxc2 Bf7 17. Rd1 Re8 18.
Nxb7 Rab8 19. Qxa7 Nc6 20. Qa6 Re6 21. Qxc4 Rxb7 22. Nd5 Re8 23. Nxf6+ gxf6 24. Qxc6 Ra7 25. Rd7 Rxe4 26. Qxf6 Re2+ 27. Kd3 Bg6+ 28. Kxe2 Bd3+ 29.
Kxd3 Rxa3+ 30. bxa3 1-0

[Event "Early-Titled-Tuesday-Blitz-December-26-2023"]
[Site "Chess.com"]
[Date "2023.12.26"]
[Round "9"]
[White "RamonManon0g"]
[Black "LUISMIGUELOV"]
[Result "1-0"]
[WhiteElo "2356"]
[BlackElo "2191"]
[TimeControl "180+1"]
[EndTime "9:44:30 PST"]
[Termination "RamonManon0g won on time"]

1. e4 c6 2. d4 d5 3. e5 c5 4. dxc5 Nc6 5. Nf3 Bg4 6. Be2 Bxf3 7. Bxf3 e6 8. Bf4 Bxc5 9. O-O Nge7 10. Bg3 O-O 11.
Nd2 Ng6 12. Nb3 Be7 13. Re1 Qc7 14. Qe2 Rac8 15. Rac1 Rfd8 16. c4 dxc4 17. Rxc4 Qb8 18.
Rec1 h6 19. h3 Bg5 20. R1c2 a6 21. Bxc6 bxc6 22. Rxc6 Rxc6 23. Rxc6 Qb5 24. Qc2 Nxe5 25. Rc5 Qd3 26. Bxe5 Qxc2 27. Rxc2 f6 28. Bg3 Rd1+ 29.
Kh2 e5 30. h4 Bf4 31. Bxf4 exf4 32. Nc5 a5 33. Ne6 g5 34. f3 Kf7 35. Nc7 Ra1 36.
a3 Rb1 37. Nd5 Kg6 38. hxg5 hxg5 39. b4 axb4 40. axb4 f5 41. Rc6+ Kh5 42. Nf6+ Kh4 43. Ng8 g4 44. Rh6+ Kg5 45. fxg4 fxg4 46. g3 1-0

[Event "Early-Titled-Tuesday-Blitz-December-26-2023"]
[Site "Chess.com"]
[Date "2023.12.26"]
[Round "9"]
[White "jlmanzanares"]
[Black "PolinaYanch"]
[Result "1-0"]
[WhiteElo "2016"]
[BlackElo "1648"]
[TimeControl "180+1"]
[EndTime "9:44:30 PST"]
[Termination "jlmanzanares won on time"]

1. e4 c5 2. Nf3 d6 3. d4 cxd4 4. Nxd4 Nf6 5. Nc3 a6 6. Be3 e5 7.
Nb3 Be6 8. f3 Be7 9. Qd2 O-O 10.
O-O-O b5 11. g4 b4 12. Nd5 Bxd5 13. exd5 a5 14. g5 Ne8 15. Kb1 Nd7 16. Rg1 Nc5 17. Nxc5 dxc5 18. Bc4 Nd6 19. Bd3 c4 20. Be4 c3 21.
bxc3 bxc3 22. Qxc3 Nxe4 23. fxe4 Qd6 24. Ka1 Rfc8 25. Qd3 Rab8 26. c4 Qa3 27. Qxa3 Bxa3 28.
Rb1 Kf8 29. Rxb8 Rxb8 30. Rb1 Rc8 31. Rb3 Bb4 32. a3 Bd6 33. Rc3 Bc5 34. Bxc5+ Rxc5 35.
Kb1 Ke7 36. Kc2 f6 37. Kd3 fxg5 38.
Rb3 Kf6 39. Rb6+ Ke7 40. Re6+ Kf7 41. Rxe5 h6 42. Rf5+ Kg6 43. Rf8 Rc7 44. e5 Re7 45. e6 g4 46. Ke4 Kh7 47. Ke5 g5 48. d6 Rg7 49. e7 1-0